[Event "Bruges Masters 2019"]
[Site "Bruges"]
[Date "2019.08.11"]
[Round "1.1"]
[White "Ortiz Suarez, Isan Reynaldo"]
[Black "Binnendijk, Ferdinand"]
[Result "1-0"]
[ECO "A09"]
[WhiteElo "2533"]
[BlackElo "2122"]
[Annotator "RC"]
[PlyCount "57"]
[EventDate "2019.08.11"]
[EventType "swiss"]
[EventCountry "BEL"]
[SourceTitle "playchess.com"]
[Source "ChessBase"]
[SourceQuality "1"]
[TimeControl "5400+30"]

1. Nf3 d5 2. c4 c6 3. g3 Nf6 4. Bg2 dxc4 5. Qc2 g6 6. Qxc4 Bg7 7. O-O O-O 8. d3 Nbd7 9. Nc3 Ne8 10. Qh4 Nd6 11. e4 e5 12. Bg5 f6 13. Be3 b6 14. Rad1 Ba6 15. Rfe1 Qe7 16. d4 Nc4 17. Bc1 Rfd8 18. b3 Qb4 19. Nb1 c5 20. Bf1 b5 21. bxc4 Qxb1 22. cxb5 Bb7 23. Bc4+ Kh8 24. dxe5 Qb4 25. Bf7 g5 26. Qh3 Nxe5 27. Nxe5 fxe5 28. Bg6 h6 29. Bxg5 1-0

[Event "Bruges Masters 2019"]
[Site "Bruges"]
[Date "2019.08.11"]
[Round "1.2"]
[White "Goossens, Hanne"]
[Black "Dgebuadze, Alexandre"]
[Result "1/2-1/2"]
[ECO "C06"]
[WhiteElo "2134"]
[BlackElo "2495"]
[Annotator "ChessBase"]
[PlyCount "40"]
[EventDate "2019.08.11"]
[EventType "swiss"]
[EventCountry "BEL"]
[SourceTitle "playchess.com"]
[Source "ChessBase"]
[SourceQuality "1"]
[TimeControl "5400+30"]

1. e4 e6 2. d4 d5 3. Nd2 Nf6 4. e5 Nfd7 5. Bd3 c5 6. c3 Nc6 7. Ne2 cxd4 8. cxd4 f6 9. Nf4 Qe7 10. Nf3 fxe5 11. dxe5 Nc5 12. Bb1 g6 13. O-O Bg7 14. Re1 O-O 15. Bxg6 hxg6 16. Nxg6 Qf7 17. Nxf8 Qxf8 18. Ng5 Qf5 19. Qh5 Nd3 20. f4 Ne7 1/2-1/2

[Event "Bruges Masters 2019"]
[Site "Bruges"]
[Date "2019.08.11"]
[Round "1.3"]
[White "Mirzoev, Azer"]
[Black "Du, Chunhui"]
[Result "0-1"]
[ECO "E21"]
[WhiteElo "2474"]
[BlackElo "2137"]
[Annotator "ChessBase"]
[PlyCount "82"]
[EventDate "2019.08.11"]
[EventType "swiss"]
[EventCountry "BEL"]
[SourceTitle "playchess.com"]
[Source "ChessBase"]
[SourceQuality "1"]
[TimeControl "5400+30"]

1. d4 Nf6 2. Nf3 e6 3. c4 b6 4. Nc3 Bb4 5. Qc2 Bb7 6. a3 Bxc3+ 7. Qxc3 a5 8. g3 O-O 9. Bg2 Qe7 10. O-O a4 11. Rd1 d6 12. Be3 Nbd7 13. Rac1 Be4 14. Bf1 h6 15. Ne1 e5 16. f3 Bb7 17. Bf2 e4 18. Ng2 Rfe8 19. Nh4 g6 20. Ng2 c5 21. f4 e3 22. Qxe3 Ne4 23. Be1 Ndf6 24. Qd3 Bc8 25. Ne3 Rb8 26. Bg2 Ba6 27. Bf3 d5 28. dxc5 dxc4 29. Nxc4 Rbd8 30. Qe3 Rxd1 31. Rxd1 Bxc4 32. cxb6 Qb7 33. Qd4 Bd5 34. Rc1 Re6 35. Ba5 Qa6 36. Qb4 Nd6 37. Qxa4 Rxe2 38. Bxd5 Nxd5 39. Qd1 Ne3 40. Qxd6 Rg2+ 41. Kh1 Rc2 0-1

[Event "Bruges Masters 2019"]
[Site "Bruges"]
[Date "2019.08.11"]
[Round "1.4"]
[White "Keuning, Selwin"]
[Black "Leenhouts, Koen"]
[Result "1/2-1/2"]
[ECO "B22"]
[WhiteElo "2078"]
[BlackElo "2426"]
[Annotator "NA"]
[PlyCount "57"]
[EventDate "2019.08.11"]
[EventType "swiss"]
[EventCountry "BEL"]
[SourceTitle "playchess.com"]
[Source "ChessBase"]
[SourceQuality "1"]
[TimeControl "5400+30"]

1. e4 c5 2. c3 Nf6 3. e5 Nd5 4. Nf3 e6 5. Bc4 d6 6. O-O Be7 7. d4 cxd4 8. exd6 Qxd6 9. Qxd4 O-O 10. Bxd5 Qxd5 11. Qxd5 exd5 12. Nbd2 a5 13. Nb3 Nc6 14. Nbd4 Bg4 15. Nxc6 bxc6 16. Ne5 Bf5 17. Nxc6 Bf6 18. Be3 Rfc8 19. Nd4 Bg6 20. Rad1 Rab8 21. Rd2 a4 22. Ne2 Rb5 23. Nf4 Rcb8 24. Nxd5 Rxb2 25. Rxb2 Rxb2 26. Re1 h5 27. Nxf6+ gxf6 28. a3 Rb3 29. Bc5 1/2-1/2

[Event "Bruges Masters 2019"]
[Site "Bruges"]
[Date "2019.08.11"]
[Round "1.5"]
[White "Legky, Nikolay A"]
[Black "Verduyn, Frederic"]
[Result "1-0"]
[ECO "A46"]
[WhiteElo "2397"]
[BlackElo "2101"]
[Annotator "NA"]
[PlyCount "141"]
[EventDate "2019.08.11"]
[EventType "swiss"]
[EventCountry "BEL"]
[SourceTitle "playchess.com"]
[Source "ChessBase"]
[SourceQuality "1"]
[TimeControl "5400+30"]

1. d4 d6 2. Nf3 Bg4 3. Nbd2 Nf6 4. h3 Bh5 5. g4 Bg6 6. Bg2 c6 7. Nh4 e5 8. dxe5 dxe5 9. Nc4 Qxd1+ 10. Kxd1 Nbd7 11. Nxg6 hxg6 12. e3 O-O-O 13. Ke2 Nd5 14. Bd2 N5b6 15. Nxb6+ Nxb6 16. Bc3 f6 17. b3 Nd5 18. Bb2 Bb4 19. Rad1 Nc3+ 20. Bxc3 Bxc3 21. Be4 Rxd1 22. Rxd1 Rd8 23. Rxd8+ Kxd8 24. Bxg6 Ke7 25. h4 Bb4 26. h5 Bc3 27. Bf5 Kd6 28. f3 Bb2 29. Kd3 Bc1 30. Ke4 Bd2 31. Bc8 Kc7 32. Be6 Kd6 33. Bc4 Bc1 34. f4 exf4 35. exf4 Ke7 36. Kf5 Bd2 37. Be6 Be3 38. Bc8 b6 39. Bb7 c5 40. Ba6 Bd2 41. Bc4 Be3 42. Bd5 Bd2 43. Kg6 Kf8 44. g5 fxg5 45. f5 Bc3 46. f6 g4 47. fxg7+ Bxg7 48. Kf5 Ke7 49. Kg6 Kf8 50. Kg5 Ke7 51. h6 Bh8 52. Kxg4 Kf6 53. Be4 Ke5 54. Bd3 Kf6 55. Kf4 Kf7 56. Bf5 Bf6 57. Ke4 Bg5 58. h7 Kg7 59. Kd5 Be3 60. c4 Bd2 61. Kc6 Bb4 62. Kb7 a5 63. Kxb6 Kh8 64. Kb5 Kg7 65. Ka4 Kh8 66. a3 Bd2 67. Kb5 Bc1 68. Kxc5 Bxa3+ 69. Kb6 Bb4 70. c5 Bc3 71. c6 1-0

[Event "Bruges Masters 2019"]
[Site "Bruges"]
[Date "2019.08.11"]
[Round "1.6"]
[White "Li, Zhenyu"]
[Black "Quesada Vera, Liordis"]
[Result "1/2-1/2"]
[ECO "A54"]
[WhiteElo "2129"]
[BlackElo "2386"]
[Annotator "NA"]
[PlyCount "104"]
[EventDate "2019.08.11"]
[EventType "swiss"]
[EventCountry "BEL"]
[SourceTitle "playchess.com"]
[Source "ChessBase"]
[SourceQuality "1"]
[TimeControl "5400+30"]

1. d4 Nf6 2. Nf3 d6 3. c4 Nbd7 4. Nc3 e5 5. g3 Be7 6. Bg2 O-O 7. O-O c6 8. Qc2 Re8 9. b3 Bf8 10. Bb2 a6 11. Rad1 Qc7 12. Ne1 Nb6 13. e4 h6 14. Ne2 Bg4 15. f3 Bh5 16. c5 Nbd7 17. cxd6 Bxd6 18. Nd3 exd4 19. Nef4 Qb6 20. Nxh5 Nxh5 21. f4 Bf8 22. e5 g6 23. Qc4 Qb5 24. Qxd4 Rad8 25. Qc3 Ng7 26. Kh1 Nc5 27. Nf2 h5 28. Ne4 Nxe4 29. Bxe4 Qb4 30. Qf3 Qa5 31. Bb1 Rxd1 32. Rxd1 Rd8 33. Rf1 Qd5 34. Be4 Qe6 35. Rd1 Be7 36. Rxd8+ Bxd8 37. Qf2 Qd7 38. Qd4 Qxd4 39. Bxd4 Be7 40. Kg2 Nf5 41. Bf2 Kf8 42. h3 Ba3 43. g4 hxg4 44. hxg4 Ne7 45. Kf3 Bb2 46. Bc5 Ke8 47. e6 fxe6 48. Bxe7 Kxe7 49. Bxg6 e5 50. fxe5 Bxe5 51. Ke4 Bb2 52. Kf5 b5 1/2-1/2

[Event "Bruges Masters 2019"]
[Site "Bruges"]
[Date "2019.08.11"]
[Round "1.7"]
[White "De Jong, Migchiel"]
[Black "Olander, Aleksi"]
[Result "1/2-1/2"]
[ECO "B23"]
[WhiteElo "2345"]
[BlackElo "2066"]
[Annotator "NA"]
[PlyCount "145"]
[EventDate "2019.08.11"]
[EventType "swiss"]
[EventCountry "BEL"]
[SourceTitle "playchess.com"]
[Source "ChessBase"]
[SourceQuality "1"]
[TimeControl "5400+30"]

1. e4 c5 2. Nf3 e6 3. g3 d5 4. exd5 exd5 5. d4 Nf6 6. Bg2 Be7 7. O-O O-O 8. Nc3 h6 9. Be3 b6 10. Ne5 Bb7 11. f4 Na6 12. Qe2 Nc7 13. Rfd1 Re8 14. dxc5 Bxc5 15. Bxc5 bxc5 16. Qf2 Qe7 17. Re1 Qd6 18. Rad1 Ne6 19. Na4 Rab8 20. f5 Nd4 21. Nxc5 Rxe5 22. Rxe5 Qxe5 23. Rxd4 Bc8 24. Nd3 Qxf5 25. Rf4 Qd7 26. Qc5 Ba6 27. Nb4 Bc4 28. a3 Rb5 29. Qd4 a5 30. Nd3 Bxd3 31. cxd3 Qc7 32. Rf2 Qc5 33. Qxc5 Rxc5 34. Bf3 Rc1+ 35. Kg2 Kf8 36. Re2 g5 37. Kf2 Rd1 38. Re8+ Nxe8 39. Bxd1 Ke7 40. Ke3 Nc7 41. Bg4 Kd6 42. Bc8 Ke5 43. d4+ Kd6 44. Kd3 Nb5 45. Bg4 Nc7 46. Be2 f5 47. Ke3 Ne6 48. Kd3 Nf8 49. Kc3 f4 50. gxf4 gxf4 51. Bg4 Ng6 52. b4 axb4+ 53. Kxb4 Kc6 54. Kc3 Nh4 55. a4 Kb6 56. Kb4 f3 57. a5+ Ka6 58. Bd7 f2 59. Bb5+ Ka7 60. Kc5 Nf3 61. h3 Nd2 62. Kxd5 f1=Q 63. Bxf1 Nxf1 64. Ke6 Nd2 65. d5 Nc4 66. h4 Nxa5 67. Kf7 Nc4 68. Kg6 Ne3 69. d6 Kb7 70. h5 Kc6 71. Kxh6 Ng4+ 72. Kg5 Kxd6 73. Kxg4 1/2-1/2

[Event "Bruges Masters 2019"]
[Site "Bruges"]
[Date "2019.08.11"]
[Round "1.8"]
[White "Van Baar, Esper"]
[Black "Van Osch, Mees"]
[Result "1/2-1/2"]
[ECO "B22"]
[WhiteElo "2108"]
[BlackElo "2316"]
[Annotator "NA"]
[PlyCount "114"]
[EventDate "2019.08.11"]
[EventType "swiss"]
[EventCountry "BEL"]
[SourceTitle "playchess.com"]
[Source "ChessBase"]
[SourceQuality "1"]
[TimeControl "5400+30"]

1. e4 c5 2. Nf3 Nc6 3. c3 Nf6 4. e5 Nd5 5. d4 cxd4 6. cxd4 d6 7. Bc4 Nb6 8. Bb5 dxe5 9. Nxe5 Bd7 10. Nxd7 Qxd7 11. O-O Rd8 12. Qb3 e6 13. Nc3 Be7 14. Rd1 O-O 15. Be3 Nd5 16. Nxd5 exd5 17. Rac1 Rc8 18. Bxc6 Rxc6 19. Rxc6 Qxc6 20. Rc1 Qd7 21. Bf4 Qf5 22. Be5 Rc8 23. Rxc8+ Qxc8 24. h3 Qc6 25. a4 h6 26. Qc3 Bd8 27. Qxc6 bxc6 28. Bf4 Bb6 29. Be3 f5 30. f4 Kf7 31. b4 Kf6 32. Kf2 g5 33. g3 g4 34. h4 h5 35. Ke2 Ke6 36. Kd3 Kd7 37. Bd2 Kc8 38. Bc3 Kb7 39. Kc2 Bd8 40. Kb3 Kb6 41. Bb2 a5 42. bxa5+ Kxa5 43. Bc3+ Ka6 44. Bb4 Bf6 45. Bc3 Bd8 46. Kc2 Bc7 47. Bb4 Bb8 48. Kd3 Ba7 49. Kc3 Bb6 50. Kd3 Bc7 51. Kc2 Bb6 52. Kd3 Ba5 53. Kc3 Bd8 54. Kc2 Bf6 55. Kd3 Kb7 56. Ke3 Kc8 57. Kd3 Kb7 {[%emt 0:17:20] Ke4} 1/2-1/2

[Event "Bruges Masters 2019"]
[Site "Bruges"]
[Date "2019.08.11"]
[Round "1.9"]
[White "Goudriaan, Etienne"]
[Black "Vandendriessche, Jan"]
[Result "1-0"]
[ECO "E90"]
[WhiteElo "2341"]
[BlackElo "2078"]
[Annotator "NA"]
[PlyCount "91"]
[EventDate "2019.08.11"]
[EventType "swiss"]
[EventCountry "BEL"]
[SourceTitle "playchess.com"]
[Source "ChessBase"]
[SourceQuality "1"]
[TimeControl "5400+30"]

1. d4 g6 2. c4 Bg7 3. Nc3 d6 4. e4 Nf6 5. Nf3 O-O 6. h3 e5 7. d5 a5 8. g4 Na6 9. Be3 Nd7 10. Nd2 Ndc5 11. g5 c6 12. h4 Nb4 13. Bxc5 dxc5 14. a3 Na6 15. Qf3 Nc7 16. O-O-O cxd5 17. cxd5 Bd7 18. a4 Qe8 19. Nc4 Ra6 20. Na3 Bxa4 21. Nxa4 Qxa4 22. Bxa6 Nxa6 23. h5 c4 24. hxg6 hxg6 25. Rh4 Nc5 26. Kb1 c3 27. Rdh1 cxb2 28. Qh3 f6 29. gxf6 Bxf6 30. Rh8+ Kf7 31. Rxf8+ Kxf8 32. Qc8+ Kf7 33. Rh7+ Bg7 34. Qxc5 Qxe4+ 35. Kxb2 Kg8 36. Rh3 Qf5 37. Rb3 e4+ 38. Ka2 Qg4 39. Rxb7 Qd1 40. Qc8+ Kh7 41. Qh3+ Kg8 42. Rb8+ Bf8 43. Qe6+ Kg7 44. Rb7+ Kh6 45. Qh3+ Kg5 46. Qg3+ 1-0

[Event "Bruges Masters 2019"]
[Site "Bruges"]
[Date "2019.08.11"]
[Round "1.10"]
[White "Cocquyt, Tijs"]
[Black "Bekker, Stefan"]
[Result "0-1"]
[ECO "A45"]
[WhiteElo "2114"]
[BlackElo "2272"]
[Annotator "NA"]
[PlyCount "147"]
[EventDate "2019.08.11"]
[EventType "swiss"]
[EventCountry "BEL"]
[SourceTitle "playchess.com"]
[Source "ChessBase"]
[SourceQuality "1"]
[TimeControl "5400+30"]

1. d4 Nf6 2. Bg5 c6 3. Bxf6 exf6 4. e3 Qb6 5. b3 d5 6. Bd3 g6 7. Ne2 Bg7 8. O-O O-O 9. Nd2 Bg4 10. c4 Re8 11. Qc2 Na6 12. a3 Bxe2 13. Bxe2 dxc4 14. bxc4 c5 15. d5 Nc7 16. Bf3 Rab8 17. Rab1 Qa6 18. Ne4 b6 19. Nd6 Red8 20. Nb5 Nxb5 21. cxb5 Qa5 22. a4 f5 23. Rfd1 Rd6 24. Rbc1 h5 25. e4 f4 26. Qd2 Qxd2 27. Rxd2 Be5 28. Be2 Re8 29. Bc4 Kg7 30. Ra2 g5 31. Kf1 g4 32. f3 Bd4 33. Rcc2 Kf6 34. Re2 Ke5 35. a5 Rg6 36. Ke1 Be3 37. Kd1 gxf3 38. gxf3 Reg8 39. axb6 axb6 40. Re1 Kd4 41. Bf1 Rg1 42. Ra4+ Ke5 43. Ra2 Rh1 44. Bc4 Rgg1 45. Rxg1 Rxg1+ 46. Kc2 Kd4 47. Bb3 c4 48. Ra4 Rc1+ 49. Kb2 Kc5 50. Bc2 Rg1 51. Bb1 Bd4+ 52. Kc2 Rg2+ 53. Kc1 Be3+ 54. Kd1 Kxb5 55. Ra2 Rg1+ 56. Kc2 Kb4 57. d6 Rc1+ 58. Kb2 c3+ 59. Ka1 Rd1 60. h4 Bd4 61. Rc2 Be5 62. Ka2 b5 63. Rg2 Rxd6 64. Bc2 Ra6+ 65. Kb1 Kc4 66. Rg8 Rc6 67. Rd8 Bd4 68. Bd1 Kd3 69. Bc2+ Ke3 70. Ka2 Rc4 71. Kb3 Kxf3 72. Bd3 c2 73. Bxc2 Ke3 74. Bd1 0-1

[Event "Bruges Masters 2019"]
[Site "Bruges"]
[Date "2019.08.11"]
[Round "1.11"]
[White "Meulders, Richard"]
[Black "Carvallo, Henri"]
[Result "1/2-1/2"]
[ECO "A53"]
[WhiteElo "2245"]
[BlackElo "2106"]
[Annotator "NA"]
[PlyCount "100"]
[EventDate "2019.08.11"]
[EventType "swiss"]
[EventCountry "BEL"]
[SourceTitle "playchess.com"]
[Source "ChessBase"]
[SourceQuality "1"]
[TimeControl "5400+30"]

1. d4 d6 2. Nf3 Nf6 3. c4 Nbd7 4. g3 e5 5. Bg2 Be7 6. O-O O-O 7. Qc2 c6 8. Rd1 Qc7 9. b3 Re8 10. Bb2 Bf8 11. Nc3 e4 12. Ng5 d5 13. cxd5 cxd5 14. Rac1 Qa5 15. f3 h6 16. Nh3 Nb6 17. a3 exf3 18. exf3 Be6 19. Nf4 Nbd7 20. b4 Qd8 21. Re1 Qb6 22. Na4 Qd6 23. Nc5 Rac8 24. Qd3 b6 25. Ncxe6 Rxc1 26. Rxc1 fxe6 27. Ng6 Qb8 28. Bh3 Bd6 29. Kg2 Nf8 30. Re1 N6h7 31. Bc1 Qc7 32. Nf4 Ng5 33. Bg4 Qf7 34. h4 Bxf4 35. Bxf4 Ngh7 36. Rc1 Nf6 37. Bh3 N6d7 38. Rc7 a5 39. b5 Qe7 40. Rc6 Qd8 41. Bc7 Qe7 42. f4 Nb8 43. Rc3 Rc8 44. Qc2 Nbd7 45. Bg4 Qf6 46. Qd2 Qe7 47. Bd6 Qe8 48. Rc6 Rxc6 49. bxc6 Nf6 50. Bf3 Qxc6 1/2-1/2

[Event "Bruges Masters 2019"]
[Site "Bruges"]
[Date "2019.08.11"]
[Round "1.12"]
[White "Van Herck, Marcel"]
[Black "Offringa, Joost"]
[Result "0-1"]
[ECO "E20"]
[WhiteElo "2102"]
[BlackElo "2291"]
[Annotator "NA"]
[PlyCount "54"]
[EventDate "2019.08.11"]
[EventType "swiss"]
[EventCountry "BEL"]
[SourceTitle "playchess.com"]
[Source "ChessBase"]
[SourceQuality "1"]
[TimeControl "5400+30"]

1. d4 Nf6 2. c4 e6 3. Nc3 Bb4 4. f3 c5 5. d5 O-O 6. e4 d6 7. Bd3 b5 8. Bd2 a6 9. Nge2 Nbd7 10. f4 bxc4 11. Bxc4 Nb6 12. b3 Bxc3 13. Nxc3 Nxe4 14. Nxe4 exd5 15. Bxd5 Nxd5 16. O-O Bb7 17. f5 Nf6 18. Ng3 h6 19. Rc1 Re8 20. Bf4 d5 21. Qd2 Ne4 22. Nxe4 Rxe4 23. Rxc5 Qb6 24. Qf2 Rae8 25. Rc2 d4 26. Bg3 Qf6 27. Rd1 d3 0-1

[Event "Bruges Masters 2019"]
[Site "Bruges"]
[Date "2019.08.11"]
[Round "2.1"]
[White "Den Hartog, Marijn"]
[Black "Ortiz Suarez, Isan Reynaldo"]
[Result "0-1"]
[ECO "A37"]
[WhiteElo "2222"]
[BlackElo "2533"]
[Annotator "ChessBase"]
[PlyCount "82"]
[EventDate "2019.08.11"]
[EventType "swiss"]
[EventCountry "BEL"]
[SourceTitle "playchess.com"]
[Source "ChessBase"]
[SourceQuality "1"]
[TimeControl "5400+30"]

1. Nf3 c5 2. g3 g6 3. c4 Bg7 4. Nc3 Nc6 5. Bg2 e5 6. d3 Nge7 7. Bg5 h6 8. Bd2 O-O 9. Qc1 Kh7 10. h4 d6 11. h5 g5 12. e4 f5 13. Nh2 Nd4 14. Ne2 Nxe2 15. Kxe2 Nc6 16. Bc3 Kh8 17. f3 Be6 18. Qd2 Qd7 19. Raf1 a6 20. b3 b5 21. f4 exf4 22. gxf4 fxe4 23. Bxe4 d5 24. cxd5 Bxd5 25. Bxg7+ Kxg7 26. fxg5 Bxe4 27. gxh6+ Kh7 28. dxe4 Nd4+ 29. Kd1 Qh3 30. Nf3 Rxf3 31. Rxh3 Rxf1+ 32. Qe1 Rxe1+ 33. Kxe1 Re8 34. Kd2 Rxe4 35. Kd3 Rg4 36. Re3 Kxh6 37. Re8 Kxh5 38. Rh8+ Kg5 39. Ra8 Kf5 40. Rxa6 Rg3+ 41. Kd2 Ke4 0-1

[Event "Bruges Masters 2019"]
[Site "Bruges"]
[Date "2019.08.11"]
[Round "2.2"]
[White "Tirelli, Mauro"]
[Black "Legky, Nikolay A"]
[Result "1/2-1/2"]
[ECO "D02"]
[WhiteElo "2247"]
[BlackElo "2397"]
[Annotator "NA"]
[PlyCount "108"]
[EventDate "2019.08.11"]
[EventType "swiss"]
[EventCountry "BEL"]
[SourceTitle "playchess.com"]
[Source "ChessBase"]
[SourceQuality "1"]
[TimeControl "5400+30"]

1. d4 d5 2. Bf4 c5 3. e3 Nc6 4. Nf3 Bg4 5. Nbd2 e6 6. c3 Nf6 7. h3 Bh5 8. Qb3 Qb6 9. Qxb6 $11 axb6 10. Bb5 Nd7 11. Be2 c4 12. a3 b5 13. O-O Be7 14. e4 Nb6 15. exd5 exd5 16. Rfe1 Bg6 17. Bd1 O-O 18. Bc7 Na4 19. Bxa4 bxa4 20. Ne5 Rfe8 21. Nd7 f6 22. Nf1 Bd8 23. Bd6 b6 24. Rxe8+ Bxe8 25. Nf8 Bf7 26. Re1 Ra7 27. Ne6 Bxe6 28. Rxe6 Kf7 29. Re2 Rd7 30. Bg3 Re7 31. Rxe7+ Bxe7 32. Ne3 Ke6 33. f4 f5 34. Kf2 Na7 35. Ke2 Nb5 36. Nf1 Nd6 37. Nd2 h5 38. Nf3 Ne4 39. Be1 g5 40. fxg5 Nxg5 41. Bd2 Ne4 42. Bf4 b5 43. Ne5 Bd6 44. Ng6 Kf6 45. Bxd6 Kxg6 46. Bf4 Ng5 47. Ke3 Ne6 48. h4 Kf7 49. Be5 Ke8 50. Kf3 Kd7 51. Ke3 Nf8 52. g3 Ng6 53. Bf4 Ke6 54. Bg5 Kf7 {[%emt 0:02:28] Ke4} 1/2-1/2

[Event "Bruges Masters 2019"]
[Site "Bruges"]
[Date "2019.08.11"]
[Round "2.3"]
[White "De Waele, Warre"]
[Black "Goudriaan, Etienne"]
[Result "1/2-1/2"]
[ECO "E04"]
[WhiteElo "2225"]
[BlackElo "2341"]
[Annotator "NA"]
[PlyCount "114"]
[EventDate "2019.08.11"]
[EventType "swiss"]
[EventCountry "BEL"]
[SourceTitle "playchess.com"]
[Source "ChessBase"]
[SourceQuality "1"]
[TimeControl "5400+30"]

1. d4 Nf6 2. c4 e6 3. Nf3 d5 4. g3 dxc4 5. Bg2 a6 6. O-O Nc6 7. e3 Rb8 8. Nfd2 e5 9. Bxc6+ bxc6 10. dxe5 Ng4 11. Nxc4 Be6 12. Nbd2 h5 13. f3 Rb4 14. fxg4 Bxc4 15. Nxc4 Qxd1 16. Rxd1 Rxc4 17. gxh5 Rxh5 18. b3 Rc2 19. Rd2 Rxd2 20. Bxd2 Rxe5 21. Rc1 Kd7 22. Kf2 Rh5 23. Kg2 Bc5 24. e4 Bb6 25. g4 Re5 26. Kf3 Re6 27. Bc3 Rh6 28. Rd1+ Ke6 29. Kg3 g5 30. Rd8 Be3 31. h3 Bf4+ 32. Kg2 Ke7 33. Rd4 c5 34. Rd5 Re6 35. e5 Rc6 36. Kf3 Rh6 37. Rxc5 Rxh3+ 38. Ke4 Kd7 39. Ba5 c6 40. Rc3 Rh2 41. Rd3+ Ke8 42. Bc7 Rxa2 43. Rd8+ Ke7 44. Ra8 Kd7 45. Bd6 f6 46. Ra7+ Kc8 47. Rc7+ Kd8 48. Rxc6 fxe5 49. Kd5 e4 50. Bxf4 gxf4 51. Kxe4 Ra3 52. Rb6 a5 53. Kxf4 a4 54. bxa4 Rxa4+ 55. Kg5 Ke7 56. Rf6 Rxg4+ 57. Kxg4 Kxf6 1/2-1/2

[Event "Bruges Masters 2019"]
[Site "Bruges"]
[Date "2019.08.11"]
[Round "2.4"]
[White "Bekker, Stefan"]
[Black "Van Malder, Dries"]
[Result "0-1"]
[ECO "A05"]
[WhiteElo "2272"]
[BlackElo "2178"]
[Annotator "NA"]
[PlyCount "90"]
[EventDate "2019.08.11"]
[EventType "swiss"]
[EventCountry "BEL"]
[SourceTitle "playchess.com"]
[Source "ChessBase"]
[SourceQuality "1"]
[TimeControl "5400+30"]

1. Nf3 Nf6 2. g3 b5 3. c3 c5 4. a4 b4 5. Bg2 Bb7 6. O-O e6 7. cxb4 cxb4 8. d4 d5 9. Bg5 Nbd7 10. Nbd2 Be7 11. a5 O-O 12. Nb3 Ba6 13. Bxf6 Nxf6 14. Ne5 Rc8 15. Qd2 Nd7 16. Nxd7 Qxd7 17. Rfc1 Bc4 18. Qd1 Qb5 19. e3 Rc6 20. Nd2 Be2 21. Bf1 Bxf1 22. Nxf1 Rfc8 23. Rxc6 Qxc6 24. a6 Qc2 25. Qxc2 Rxc2 26. b3 Kf8 27. Ra5 Rc6 28. Nd2 Ke8 29. Nf3 f6 30. Ne1 Kd7 31. Kf1 Kc7 32. Ke2 Kb6 33. Ra2 Kb5 34. Nd3 Bd6 35. Kd2 Rxa6 36. Rxa6 Kxa6 37. f3 Kb5 38. Nb2 e5 39. dxe5 Bxe5 40. Nd3 a5 41. f4 Bc3+ 42. Kc2 f5 43. h3 h5 44. Ne5 Bxe5 45. fxe5 Kc6 0-1

[Event "Bruges Masters 2019"]
[Site "Bruges"]
[Date "2019.08.11"]
[Round "2.5"]
[White "Offringa, Joost"]
[Black "Dauw, Sterre"]
[Result "1/2-1/2"]
[ECO "A30"]
[WhiteElo "2291"]
[BlackElo "2148"]
[Annotator "NA"]
[PlyCount "112"]
[EventDate "2019.08.11"]
[EventType "swiss"]
[EventCountry "BEL"]
[SourceTitle "playchess.com"]
[Source "ChessBase"]
[SourceQuality "1"]
[TimeControl "5400+30"]

1. c4 Nf6 2. Nf3 c5 3. g3 d5 4. cxd5 Nxd5 5. b3 f6 6. Bg2 e5 7. O-O Nc6 8. Bb2 Be6 9. Nc3 Nc7 10. e3 Qd3 11. Qe2 Nb4 12. Ne1 Qxe2 13. Nxe2 O-O-O 14. d4 exd4 15. exd4 c4 16. a3 Nd3 17. Nxd3 cxd3 18. Nf4 Bxb3 19. Nxd3 Bd5 20. Bh3+ Be6 21. Bxe6+ Nxe6 22. Rac1+ Kb8 23. Rfe1 Nc7 24. Rc3 Bd6 25. Rb1 Nd5 26. Rb3 Rc8 27. a4 Rc4 28. a5 Rhc8 29. Nc5 Bxc5 30. dxc5 Rb4 31. Rxb4 Nxb4 32. Bxf6 gxf6 33. Rxb4 Rxc5 34. Ra4 Kc7 35. g4 b5 36. axb6+ Kxb6 37. Kg2 a5 38. Ra1 Kb5 39. Rb1+ Kc4 40. Rb6 a4 41. Rxf6 a3 42. h4 Kb4 43. Re6 a2 44. Re1 Kb3 45. g5 Kb2 46. Kg3 a1=Q 47. Rxa1 Kxa1 48. f4 Kb2 49. Kg4 Kc3 50. h5 Kd4 51. g6 hxg6 52. hxg6 Ke4 53. g7 Rc1 54. Kg5 Ra1 55. Kg6 Kxf4 56. g8=Q Rg1+ 1/2-1/2

[Event "Bruges Masters 2019"]
[Site "Bruges"]
[Date "2019.08.11"]
[Round "2.6"]
[White "Du, Chunhui"]
[Black "Wilschut, Peter"]
[Result "1/2-1/2"]
[ECO "C01"]
[WhiteElo "2137"]
[BlackElo "2279"]
[Annotator "NA"]
[PlyCount "89"]
[EventDate "2019.08.11"]
[EventType "swiss"]
[EventCountry "BEL"]
[SourceTitle "playchess.com"]
[Source "ChessBase"]
[SourceQuality "1"]
[TimeControl "5400+30"]

1. e4 e6 2. d4 d5 3. exd5 exd5 4. Bd3 Nc6 5. Nf3 Bg4 6. c3 Bd6 7. O-O Nge7 8. b4 Qd7 9. Nbd2 O-O 10. Qc2 Bf5 11. Nb3 Bxd3 12. Qxd3 Ng6 13. a4 Rfe8 14. Bd2 Nce7 15. Rfe1 Qf5 16. Qxf5 Nxf5 17. Na5 Rxe1+ 18. Rxe1 b6 19. Nc6 f6 20. g3 a6 21. Kf1 Kf7 22. Re2 Bf8 23. g4 Nd6 24. h4 Nc4 25. h5 Ne7 26. Nxe7 Bxe7 27. Be1 a5 28. Ra2 Bd6 29. Nd2 Ke6 30. Ke2 f5 31. f3 Bf4 32. Nb3 Kf7 33. Kd3 c6 34. Bh4 axb4 35. a5 bxc3 36. a6 c2 37. Kxc2 Na5 38. Nxa5 Rxa6 39. Rb2 bxa5 40. Rb7+ Kf8 41. gxf5 a4 42. Kb1 Bd6 43. Rd7 c5 44. f6 gxf6 45. Rxh7 1/2-1/2

[Event "Bruges Masters 2019"]
[Site "Bruges"]
[Date "2019.08.11"]
[Round "2.7"]
[White "Pel, Bonno"]
[Black "Barzeele, Raf"]
[Result "1-0"]
[ECO "A08"]
[WhiteElo "2255"]
[BlackElo "1940"]
[Annotator "NA"]
[PlyCount "147"]
[EventDate "2019.08.11"]
[EventType "swiss"]
[EventCountry "BEL"]
[SourceTitle "playchess.com"]
[Source "ChessBase"]
[SourceQuality "1"]
[TimeControl "5400+30"]

1. g3 g6 2. Bg2 Bg7 3. e4 c5 4. Nf3 Nc6 5. O-O Nf6 6. d3 O-O 7. c3 d5 8. Nbd2 b6 9. Qa4 Bd7 10. Qc2 dxe4 11. dxe4 e5 12. Nc4 Qc7 13. Ne3 Be6 14. Ng5 Rad8 15. Nxe6 fxe6 16. Bh3 Rfe8 17. b3 Qe7 18. Bb2 Rd7 19. Rad1 Rxd1 20. Rxd1 Rd8 21. Rxd8+ Nxd8 22. Qd3 Nf7 23. Nc4 Ng5 24. Bg2 Nf7 25. a4 Qd7 26. Qxd7 Nxd7 27. f3 Kf8 28. Kf2 Ke7 29. Bf1 Bh6 30. Ba3 Nd6 31. Ne3 a5 32. Ng4 Bg7 33. Bc1 Nf7 34. Bb5 Kd6 35. Ke2 Ke7 36. Kd3 h5 37. Nf2 Bf6 38. h4 Nd6 39. Nd1 Nxb5 40. axb5 Kd6 41. Bh6 Ke7 42. Nb2 Kf7 43. Kc4 Be7 44. Na4 Bd6 45. Be3 Bc7 46. Bg5 Ke8 47. Kd3 Kf7 48. Nb2 Ke8 49. Nc4 Kf7 50. Ke3 Ke8 51. Ke2 Kf7 52. g4 Ke8 53. Nd2 Kf7 54. Nf1 Nf8 55. Ng3 Nh7 56. Be3 Bd8 57. gxh5 Bxh4 58. hxg6+ Kxg6 59. Nf1 Bd8 60. Nd2 Nf6 61. Nc4 Bc7 62. Kf2 Nh5 63. Kg2 Nf4+ 64. Bxf4 exf4 65. Kh2 Kh5 66. Kh3 Kg5 67. Nb2 Be5 68. Na4 Bc7 69. Kg2 Kh4 70. Nb2 Be5 71. Nc4 Bc7 72. Kf2 Kg5 73. Ke2 Kf6 74. Kd3 1-0

[Event "Bruges Masters 2019"]
[Site "Bruges"]
[Date "2019.08.11"]
[Round "2.8"]
[White "Butzen, Robin"]
[Black "Citak, Selim"]
[Result "1/2-1/2"]
[ECO "D84"]
[WhiteElo "1967"]
[BlackElo "2253"]
[Annotator "NA"]
[PlyCount "44"]
[EventDate "2019.08.11"]
[EventType "swiss"]
[EventCountry "BEL"]
[SourceTitle "playchess.com"]
[Source "ChessBase"]
[SourceQuality "1"]
[TimeControl "5400+30"]

1. d4 Nf6 2. c4 g6 3. Nc3 d5 4. Bf4 Bg7 5. e3 O-O 6. cxd5 Nxd5 7. Nxd5 Qxd5 8. Bxc7 Na6 9. Bxa6 Qxg2 10. Qf3 Qxf3 11. Nxf3 bxa6 12. Rc1 f6 13. Rc5 e6 14. Kd2 Bb7 15. Ke2 Rf7 16. Ba5 Bf8 17. Rc3 Bd6 18. Rhc1 Bd5 19. b3 g5 20. h3 Kg7 21. Nd2 Bb7 22. f3 Re8 1/2-1/2